TOP OF THE 1ST |
San Francisco (APP) Giants batting - Pitching for Grand Junction Rockies : LHP Marc Eismann
|
Pitching: LHP Marc Eismann
|
|
Batting: RHB Miguel Gonzalez
|
0-0: Ball 1-0: Foul Ball, location: 2F 1-1: Ball 2-1: Ball 3-1: Called Strike 3-2: SINGLE (Flyball, 78S, EV 91.9 MPH)
|
Batting: RHB Cesar Martinez
|
0-0: Ball 1-0: Ball 2-0: DOUBLE (Line Drive, 9LM, EV 106.9 MPH) Miguel Gonzalez to third
|
Batting: RHB Sadataka Kuwahara
|
0-0: Called Strike 0-1: Ball 1-1: Ground out U3 (Groundball, 34, EV 101.9 MPH) Miguel Gonzalez scores Cesar Martinez to third
|
Batting: RHB Edwin Verdugo
|
0-0: Called Strike 0-1: Fly out, F5 (Flyball, 5D, EV 79.4 MPH)
|
Batting: RHB Brian Rogers
|
0-0: Called Strike 0-1: Ground out 1-3 (Groundball, 34S, EV 73.1 MPH)
|
Top of the 1st over - 1 run, 2 hits, 0 errors, 1 left on base; San Francisco (APP) 1 - Grand Junction 0 |
BOTTOM OF THE 1ST |
Grand Junction Rockies batting - Pitching for San Francisco (APP) Giants : LHP Hector Jimenez
|
Pitching: LHP Hector Jimenez
|
|
Batting: RHB Juan Figueroa
|
0-0: Ball 1-0: Called Strike 1-1: Ball 2-1: Ball 3-1: Foul Ball, location: 2F 3-2: DOUBLE (Line Drive, 3D, EV 104.4 MPH)
|
Batting: RHB John Boyer
|
0-0: Ground out 4-3 (Groundball, 4MS, EV 86.2 MPH) Juan Figueroa to third
|
Batting: RHB Henry Alvizo
|
0-0: Ground out 5-3 (Groundball, 5, EV 86.9 MPH)
|
Batting: SHB Bobby Santor
|
0-0: SINGLE (Groundball, 4M, EV 83.1 MPH) (infield hit) Juan Figueroa scores
|
Batting: RHB Willis Morales
|
0-0: Ball Passed Ball! Bobby Santor to second 1-0: Called Strike 1-1: Ball 2-1: Ball 3-1: Foul Ball, location: 2F 3-2: Base on Balls
|
Batting: LHB Steve Gilliam
|
0-0: Ball 1-0: Ball Wild Pitch! Bobby Santor to third Willis Morales to second 2-0: Foul Ball, location: 2F 2-1: Ball 3-1: Called Strike 3-2: Strikes out looking
|
Bottom of the 1st over - 1 run, 2 hits, 0 errors, 2 left on base; San Francisco (APP) 1 - Grand Junction 1 |
TOP OF THE 2ND |
San Francisco (APP) Giants batting - Pitching for Grand Junction Rockies : LHP Marc Eismann
|
Batting: SHB David Barona
|
0-0: Called Strike 0-1: Ball 1-1: Foul Ball, location: 2F 1-2: DOUBLE (Line Drive, 9LD, EV 106.9 MPH)
|
Batting: RHB Teruhide Horiuchi
|
0-0: Ball 1-0: Called Strike 1-1: Swinging Strike 1-2: Foul Ball, location: 2F 1-2: Ball 2-2: DOUBLE (Groundball, 5L, EV 107.5 MPH) David Barona scores
|
Batting: RHB Justin Layton
|
0-0: TRIPLE (Line Drive, 78XD, EV 104.4 MPH) Teruhide Horiuchi scores
|
Batting: RHB Alexis Andrade
|
0-0: Ball 1-0: Called Strike 1-1: Foul Ball, location: 2F 1-2: Ball 2-2: Ball 3-2: Base on Balls
|
Batting: RHB Miguel Gonzalez
|
0-0: Ball 1-0: Swinging Strike 1-1: Ball 2-1: Ball 3-1: Base on Balls Alexis Andrade to second
|
Batting: RHB Cesar Martinez
|
0-0: Called Strike 0-1: Called Strike 0-2: Foul Ball, location: 2F 0-2: Ball 1-2: Strikes out swinging
|
Batting: RHB Sadataka Kuwahara
|
0-0: Ball 1-0: Foul Ball, location: 2F 1-1: Ball 2-1: Ball 3-1: Called Strike 3-2: Foul Ball, location: 2F 3-2: Strikes out swinging
|
Batting: RHB Edwin Verdugo
|
0-0: Ball 1-0: GRAND SLAM HOME RUN (Flyball, 89XD, EV 111.9 MPH), Distance : 438 ft
|
Pitching: RHP Melvin Pena
|
|
Batting: RHB Brian Rogers
|
0-0: Ball 1-0: Foul Ball, location: 2F 1-1: Ball 2-1: SINGLE (Groundball, 56D, EV 97.5 MPH)
|
Batting: SHB David Barona
|
0-0: Ground out 4-3 (Groundball, 4, EV 98.1 MPH)
|
Top of the 2nd over - 6 runs, 5 hits, 0 errors, 1 left on base; San Francisco (APP) 7 - Grand Junction 1 |
BOTTOM OF THE 2ND |
Grand Junction Rockies batting - Pitching for San Francisco (APP) Giants : LHP Hector Jimenez
|
Batting: RHB John Stevenson
|
0-0: Swinging Strike 0-1: Ground out 6-3 (Groundball, 56, EV 103.1 MPH)
|
Batting: LHB Chris Salim
|
0-0: Ball 1-0: Called Strike 1-1: Called Strike 1-2: Ground out 1-3 (Groundball, P, EV 75.0 MPH)
|
Batting: RHB Yamashita Yagi
|
0-0: Ground out 4-3 (Groundball, 4, EV 100.6 MPH)
|
Bottom of the 2nd over - 0 runs, 0 hits, 0 errors, 0 left on base; San Francisco (APP) 7 - Grand Junction 1 |
TOP OF THE 3RD |
San Francisco (APP) Giants batting - Pitching for Grand Junction Rockies : RHP Melvin Pena
|
Batting: RHB Teruhide Horiuchi
|
0-0: SINGLE (Groundball, 15, EV 63.1 MPH) (infield hit)
|
Batting: RHB Justin Layton
|
0-0: Ball 1-0: Ball 2-0: Foul Ball, location: 2F 2-1: Foul Ball, location: 2F 2-2: Foul Ball, location: 2F 2-2: Strikes out swinging
|
Batting: RHB Alexis Andrade
|
0-0: Foul Ball, location: 2F 0-1: Swinging Strike 0-2: Ball 1-2: Foul Ball, location: 2F 1-2: Strikes out swinging
|
Batting: RHB Miguel Gonzalez
|
0-0: Ball Teruhide Horiuchi steals 2nd base 1-0: Ball 2-0: Called Strike 2-1: Foul Ball, location: 2F 2-2: Ball 3-2: Fly out, F5 (Popup, 5S, EV 70.6 MPH)
|
Top of the 3rd over - 0 runs, 1 hit, 0 errors, 1 left on base; San Francisco (APP) 7 - Grand Junction 1 |
BOTTOM OF THE 3RD |
Grand Junction Rockies batting - Pitching for San Francisco (APP) Giants : LHP Hector Jimenez
|
Batting: RHB Juan Figueroa
|
0-0: Fly out, F5 (Flyball, 5D, EV 83.1 MPH)
|
Batting: RHB John Boyer
|
0-0: Ball 1-0: Ball 2-0: Called Strike 2-1: Ball 3-1: Reached via error on a dropped throw from 3B, E3 (Groundball, 5, EV 86.2 MPH)
|
Batting: RHB Henry Alvizo
|
0-0: Called Strike 0-1: Ball Passed Ball! John Boyer to second 1-1: Foul Ball, location: 2F 1-2: Foul Ball, location: 2F 1-2: Ball 2-2: Foul Ball, location: 2F 2-2: Ball Passed Ball! John Boyer to third 3-2: SINGLE (Line Drive, 8LS, EV 104.4 MPH) John Boyer scores
|
Batting: SHB Bobby Santor
|
0-0: Called Strike 0-1: Ball 1-1: Grounds into double play, 6-4-3 (Groundball, 6, EV 79.4 MPH)
|
Bottom of the 3rd over - 1 run, 1 hit, 1 error, 0 left on base; San Francisco (APP) 7 - Grand Junction 2 |
TOP OF THE 4TH |
San Francisco (APP) Giants batting - Pitching for Grand Junction Rockies : RHP Melvin Pena
|
Batting: RHB Cesar Martinez
|
0-0: Ball 1-0: Ground out 3-1 (Groundball, 34, EV 79.4 MPH)
|
Batting: RHB Sadataka Kuwahara
|
0-0: Called Strike 0-1: Ball 1-1: Ball 2-1: Foul Ball, location: 2F 2-2: Strikes out swinging
|
Batting: RHB Edwin Verdugo
|
0-0: Ball 1-0: SINGLE (Groundball, 6MD, EV 108.8 MPH)
|
Batting: RHB Brian Rogers
|
0-0: Called Strike Edwin Verdugo steals 2nd, throwing error, E2 Edwin Verdugo to third 0-1: Ball 1-1: Swinging Strike 1-2: Foul Ball, location: 2F 1-2: Ball 2-2: Fly out, F7 (Flyball, 7S, EV 84.4 MPH)
|
Top of the 4th over - 0 runs, 1 hit, 1 error, 1 left on base; San Francisco (APP) 7 - Grand Junction 2 |
BOTTOM OF THE 4TH |
Grand Junction Rockies batting - Pitching for San Francisco (APP) Giants : LHP Hector Jimenez
|
Batting: RHB Willis Morales
|
0-0: Ball 1-0: Ball 2-0: Swinging Strike 2-1: Ball 3-1: Swinging Strike 3-2: Base on Balls
|
Batting: LHB Steve Gilliam
|
0-0: Ball Willis Morales steals 2nd base (no throw) 1-0: Swinging Strike 1-1: Fly out, F7 (Flyball, 7S, EV 90.0 MPH)
|
Batting: RHB John Stevenson
|
0-0: Ball Passed Ball! Willis Morales to third 1-0: Ball 2-0: Foul Ball, location: 2F 2-1: Ground out 5-3 (Groundball, 56S, EV 92.5 MPH) Willis Morales scores
|
Batting: LHB Chris Salim
|
0-0: Ball 1-0: Ball 2-0: SINGLE (Groundball, 34D, EV 98.8 MPH)
|
Batting: RHB Yamashita Yagi
|
0-0: Ball 1-0: Foul Ball, location: 2F 1-1: Foul Ball, location: 2F 1-2: Foul Ball, location: 2F 1-2: DOUBLE (Line Drive, 78M, EV 89.4 MPH) Chris Salim to third Runner from 3rd tries for Home, throw by LF and OUT! 7-6-2
|
Bottom of the 4th over - 1 run, 2 hits, 0 errors, 1 left on base; San Francisco (APP) 7 - Grand Junction 3 |
TOP OF THE 5TH |
San Francisco (APP) Giants batting - Pitching for Grand Junction Rockies : RHP Melvin Pena
|
Batting: SHB David Barona
|
0-0: Called Strike 0-1: Foul Ball, location: 2F 0-2: Foul Ball, location: 2F 0-2: Hit by Pitch
|
Pitching: RHP Dane Long
|
|
Batting: RHB Teruhide Horiuchi
|
0-0: Ball 1-0: Fielders Choice at 2nd, 4-6 (Groundball, 34, EV 85.6 MPH)
|
Batting: RHB Justin Layton
|
0-0: Ball 1-0: Called Strike 1-1: Reached on error, E6 (Groundball, 6, EV 85.0 MPH) Teruhide Horiuchi to second
|
Batting: RHB Alexis Andrade
|
0-0: Called Strike 0-1: SINGLE (Groundball, 6D, EV 105.6 MPH) Teruhide Horiuchi to third Justin Layton to second Runner from 3rd tries for Home, SAFE, throw by LF to home
|
Batting: RHB Miguel Gonzalez
|
0-0: Swinging Strike 0-1: Foul Ball, location: 2F 0-2: Foul Ball, location: 2F 0-2: Strikes out looking
|
Batting: RHB Cesar Martinez
|
0-0: Ball 1-0: Ball 2-0: Ball 3-0: Base on Balls Justin Layton to third Alexis Andrade to second
|
Batting: RHB Sadataka Kuwahara
|
0-0: Ball 1-0: Ball 2-0: Called Strike 2-1: Foul Ball, location: 2F 2-2: Foul Ball, location: 2F 2-2: Strikes out looking
|
Top of the 5th over - 1 run, 1 hit, 1 error, 3 left on base; San Francisco (APP) 8 - Grand Junction 3 |
BOTTOM OF THE 5TH |
Grand Junction Rockies batting - Pitching for San Francisco (APP) Giants : LHP Hector Jimenez
|
Batting: RHB Juan Figueroa
|
0-0: Foul Ball, location: 2F 0-1: Ground out 6-3 (Groundball, 6MS, EV 83.8 MPH)
|
Batting: RHB John Boyer
|
0-0: Ball 1-0: Ball 2-0: Ball 3-0: Base on Balls
|
Batting: RHB Henry Alvizo
|
0-0: Called Strike 0-1: Fly out, F6 (Flyball, 5D, EV 73.8 MPH)
|
Batting: SHB Bobby Santor
|
0-0: Ball Passed Ball! John Boyer to second 1-0: Ball Passed Ball! John Boyer to third 2-0: Ball 3-0: Base on Balls
|
Batting: RHB Willis Morales
|
0-0: 3-RUN HOME RUN (Flyball, 7D, EV 100.0 MPH), Distance : 393 ft
|
Pitching: RHP Filip Nebylitsin
|
|
Batting: LHB Steve Gilliam
|
0-0: Called Strike 0-1: Ball 1-1: Ball 2-1: Foul Ball, location: 2F 2-2: Ball 3-2: Ground out 6-3 (Groundball, 56, EV 91.2 MPH)
|
Bottom of the 5th over - 3 runs, 1 hit, 0 errors, 0 left on base; San Francisco (APP) 8 - Grand Junction 6 |
TOP OF THE 6TH |
San Francisco (APP) Giants batting - Pitching for Grand Junction Rockies : RHP Dane Long
|
Batting: RHB Edwin Verdugo
|
0-0: Ground out 5-3 (Groundball, 56, EV 85.6 MPH)
|
Batting: RHB Brian Rogers
|
0-0: Called Strike 0-1: Ball 1-1: Ground out 6-3 (Groundball, 6, EV 97.5 MPH)
|
Batting: SHB David Barona
|
0-0: Called Strike 0-1: Foul Ball, location: 2F 0-2: Ball 1-2: Ball 2-2: Ball 3-2: Base on Balls
|
Pitching: RHP Jim Butler
|
|
Batting: RHB Teruhide Horiuchi
|
0-0: Ball David Barona steals 2nd base 1-0: Called Strike 1-1: Hit by Pitch
|
Batting: RHB Justin Layton
|
0-0: Ball 1-0: Ball 2-0: Foul Ball, location: 2F 2-1: Ball 3-1: SINGLE (Flyball, 6D, EV 97.5 MPH) David Barona to third Teruhide Horiuchi to second Runner from 3rd tries for Home, SAFE, throw by LF to home Teruhide Horiuchi to third Justin Layton to second
|
Batting: RHB Alexis Andrade
|
0-0: Swinging Strike 0-1: Ball 1-1: Foul Ball, location: 2F 1-2: Strikes out swinging
|
Top of the 6th over - 1 run, 1 hit, 0 errors, 2 left on base; San Francisco (APP) 9 - Grand Junction 6 |
BOTTOM OF THE 6TH |
Grand Junction Rockies batting - Pitching for San Francisco (APP) Giants : RHP Filip Nebylitsin
|
Batting: RHB John Stevenson
|
0-0: Ball 1-0: Ball 2-0: Ball 3-0: Called Strike 3-1: SINGLE (Groundball, 34D, EV 103.1 MPH)
|
Batting: LHB Chris Salim
|
0-0: Ball John Stevenson steals 2nd, throwing error, E2 John Stevenson to third 1-0: Called Strike 1-1: Ball 2-1: Called Strike 2-2: Foul Ball, location: 2F 2-2: Ball 3-2: Strikes out swinging
|
Pitching: RHP Ricky Fo
|
|
Batting: RHB Yamashita Yagi
|
0-0: Ball Wild Pitch! John Stevenson scores 1-0: Ball 2-0: Called Strike 2-1: Called Strike 2-2: Strikes out swinging
|
Batting: RHB Juan Figueroa
|
0-0: Ball 1-0: Ball 2-0: Called Strike 2-1: Ball 3-1: Swinging Strike 3-2: Fly out, F2 (Popup, 23F, EV 88.1 MPH)
|
Bottom of the 6th over - 1 run, 1 hit, 1 error, 0 left on base; San Francisco (APP) 9 - Grand Junction 7 |
TOP OF THE 7TH |
San Francisco (APP) Giants batting - Pitching for Grand Junction Rockies : RHP Jim Butler
|
Batting: RHB Miguel Gonzalez
|
0-0: Ball 1-0: Ball 2-0: Swinging Strike 2-1: Foul Ball, location: 2F 2-2: Foul Ball, location: 2F 2-2: Foul Ball, location: 2F 2-2: Ball 3-2: Foul Ball, location: 2F 3-2: Base on Balls
|
Batting: RHB Cesar Martinez
|
0-0: Ball Miguel Gonzalez steals 2nd base 1-0: Bunted foul 1-1: Ball 2-1: Bunted foul 2-2: Foul Ball, location: 2F 2-2: SINGLE (Groundball, 6MD, EV 99.4 MPH) Miguel Gonzalez to third
|
Batting: RHB Sadataka Kuwahara
|
0-0: Called Strike 0-1: Ball 1-1: Ball 2-1: Ball 3-1: Base on Balls Cesar Martinez to second
|
Batting: RHB Edwin Verdugo
|
0-0: Ball 1-0: Called Strike 1-1: Ball Wild Pitch! Miguel Gonzalez scores Cesar Martinez to third Sadataka Kuwahara to second 2-1: SINGLE (Line Drive, 4D, EV 97.5 MPH) Cesar Martinez scores Sadataka Kuwahara to third
|
Batting: RHB Brian Rogers
|
0-0: Ball Edwin Verdugo steals 2nd base 1-0: DOUBLE (Line Drive, 7LD, EV 103.1 MPH) Sadataka Kuwahara scores Edwin Verdugo scores
|
Pitching: RHP Vas Karamyshev
|
|
Batting: SHB David Barona
|
0-0: Ball 1-0: Foul Ball, location: 2F 1-1: Foul Ball, location: 2F 1-2: Strikes out swinging
|
Batting: RHB Teruhide Horiuchi
|
0-0: Called Strike 0-1: TRIPLE (Flyball, 9LD, EV 113.8 MPH) Brian Rogers scores
|
Pinch Hitting: RHB Pedro Quezada
|
0-0: Ball 1-0: Ground out U3 (Groundball, 3S, EV 79.4 MPH)
|
Batting: RHB Alexis Andrade
|
0-0: Ball 1-0: Ball 2-0: Ball 3-0: Called Strike 3-1: Ground out 6-3 (Groundball, 6, EV 82.5 MPH)
|
Top of the 7th over - 5 runs, 4 hits, 0 errors, 1 left on base; San Francisco (APP) 14 - Grand Junction 7 |
BOTTOM OF THE 7TH |
Grand Junction Rockies batting - Pitching for San Francisco (APP) Giants : RHP Ricky Fo
|
Now in LF: Frank Pena
|
|
Batting: RHB John Boyer
|
0-0: SINGLE (Groundball, 56D, EV 98.8 MPH)
|
Pinch Hitting: SHB Jamie Locke
|
0-0: Called Strike Passed Ball! John Boyer to second 0-1: Ball 1-1: Ball Passed Ball! John Boyer to third 2-1: Foul Ball, location: 2F 2-2: Ball 3-2: Base on Balls
|
Pitching: RHP Jay Kouns
|
|
Batting: SHB Bobby Santor
|
0-0: Called Strike Jamie Locke steals 2nd base (no throw) 0-1: Foul Ball, location: 2F 0-2: Ground out 4-3 (Groundball, 34, EV 77.5 MPH) John Boyer scores Jamie Locke to third
|
Batting: RHB Willis Morales
|
0-0: SINGLE (Groundball, 5D, EV 99.4 MPH) Jamie Locke scores
|
Batting: LHB Steve Gilliam
|
0-0: Ball Willis Morales steals 2nd, throwing error, E2 Willis Morales to third 1-0: Ball 2-0: Called Strike 2-1: Foul Ball, location: 2F 2-2: Ball 3-2: Base on Balls
|
Batting: RHB John Stevenson
|
0-0: Called Strike Steve Gilliam steals 2nd, throwing error, E2 Willis Morales scores Steve Gilliam to third 0-1: Ball Wild Pitch! Steve Gilliam scores 1-1: Foul Ball, location: 2F 1-2: SINGLE (Groundball, 56D, EV 106.9 MPH)
|
Batting: LHB Chris Salim
|
0-0: Ball John Stevenson steals 2nd, throwing error, E2 John Stevenson to third 1-0: Swinging Strike Passed Ball! John Stevenson scores 1-1: Ball 2-1: Foul Ball, location: 2F 2-2: SINGLE (Line Drive, 7LS, EV 106.9 MPH)
|
Pitching: RHP Francisco Gonzalez
|
|
Batting: RHB Yamashita Yagi
|
0-0: Ball Wild Pitch! Chris Salim to second 1-0: Foul Ball, location: 2F 1-1: Called Strike 1-2: 2-RUN HOME RUN (Flyball, 89XD, EV 106.9 MPH), Distance : 442 ft
|
Batting: RHB Juan Figueroa
|
0-0: Swinging Strike 0-1: Ball 1-1: Ball 2-1: Foul Ball, location: 2F 2-2: Foul Ball, location: 2F 2-2: Foul Ball, location: 2F 2-2: Foul Ball, location: 2F 2-2: Ball 3-2: Base on Balls
|
Batting: RHB John Boyer
|
|
Pinch Hitting: LHB Zack Guillen
|
0-0: Ball 1-0: Swinging Strike 1-1: Ball Passed Ball! Juan Figueroa to second 2-1: Intentional Walk
|
Batting: SHB Jamie Locke
|
0-0: Ball 1-0: Ball 2-0: Called Strike 2-1: Ball Passed Ball! Juan Figueroa to third Zack Guillen to second 3-1: Swinging Strike Passed Ball! Juan Figueroa scores Zack Guillen to third 3-2: Base on Balls
|
Pitching: RHP Hiroaki Yazawa
|
|
Batting: SHB Bobby Santor
|
0-0: Ball 1-0: Swinging Strike 1-1: Ball Jamie Locke is caught stealing 2nd base 2-6 2-1: DOUBLE (Flyball, 78XD, EV 107.5 MPH) Zack Guillen scores
|
Batting: RHB Willis Morales
|
0-0: Called Strike 0-1: Ball 1-1: Ball Wild Pitch! Bobby Santor to third 2-1: Foul Ball, location: 2F 2-2: Ball 3-2: SINGLE (Line Drive, 89M, EV 86.2 MPH) Bobby Santor scores
|
Batting: LHB Steve Gilliam
|
0-0: Ball Wild Pitch! Willis Morales to second 1-0: Ball 2-0: Ball 3-0: Base on Balls
|
Batting: RHB John Stevenson
|
0-0: Foul Ball, location: 2F 0-1: Called Strike 0-2: SINGLE (Groundball, 34D, EV 105.6 MPH) Willis Morales to third Steve Gilliam to second Runner from 3rd tries for Home, SAFE, throw by RF to home
|
Batting: LHB Chris Salim
|
0-0: Ball 1-0: DOUBLE (Line Drive, 7LM, EV 108.1 MPH) Steve Gilliam scores John Stevenson to third Runner from 3rd tries for Home, SAFE, no throw by LF
|
Pitching: RHP Chance Robinson
|
|
Batting: RHB Yamashita Yagi
|
0-0: Called Strike 0-1: Swinging Strike 0-2: Strikes out swinging
|
Bottom of the 7th over - 13 runs, 9 hits, 3 errors, 1 left on base; San Francisco (APP) 14 - Grand Junction 20 |
TOP OF THE 8TH |
San Francisco (APP) Giants batting - Pitching for Grand Junction Rockies : RHP Vas Karamyshev
|
Now at 2B: Jamie Locke
|
|
Now at 3B: Elias Urbina
|
|
Batting: RHB Miguel Gonzalez
|
0-0: Ball 1-0: Swinging Strike 1-1: Ball 2-1: Ground out 6-3 (Groundball, 6, EV 88.1 MPH)
|
Batting: RHB Cesar Martinez
|
0-0: Ground out U3 (Groundball, 34, EV 97.5 MPH)
|
Batting: RHB Sadataka Kuwahara
|
0-0: Ball 1-0: Called Strike 1-1: Ball 2-1: Called Strike 2-2: Ball 3-2: Strikes out swinging
|
Top of the 8th over - 0 runs, 0 hits, 0 errors, 0 left on base; San Francisco (APP) 14 - Grand Junction 20 |
BOTTOM OF THE 8TH |
Grand Junction Rockies batting - Pitching for San Francisco (APP) Giants : RHP Chance Robinson
|
Batting: RHB Juan Figueroa
|
0-0: Called Strike 0-1: Ball 1-1: TRIPLE (Flyball, 78XD, EV 108.8 MPH)
|
Batting: RHB Elias Urbina
|
0-0: Ball 1-0: DOUBLE (Line Drive, 7LD, EV 108.8 MPH) Juan Figueroa scores
|
Batting: SHB Jamie Locke
|
0-0: Ball Passed Ball! Elias Urbina to third 1-0: 2-RUN HOME RUN (Flyball, 89XD, EV 109.4 MPH), Distance : 431 ft
|
Batting: SHB Bobby Santor
|
0-0: Foul Ball, location: 2F 0-1: Called Strike 0-2: SOLO HOME RUN (Flyball, 89XD, EV 110.0 MPH) (Inside the Park)
|
Pitching: RHP Jeremy Bailey
|
|
Batting: RHB Willis Morales
|
0-0: Ball 1-0: Ball 2-0: Ball 3-0: Base on Balls
|
Batting: LHB Steve Gilliam
|
0-0: Foul Ball, location: 2F 0-1: Ball Passed Ball! Willis Morales to second 1-1: Foul Ball, location: 2F 1-2: Foul Ball, location: 2F 1-2: Ball 2-2: Ground out 6-3 (Groundball, 6M, EV 104.4 MPH) Willis Morales to third
|
Batting: RHB John Stevenson
|
0-0: SINGLE (Groundball, 56S, EV 70.0 MPH) (infield hit) Willis Morales scores
|
Batting: LHB Chris Salim
|
0-0: Ball Passed Ball! John Stevenson to second 1-0: Ball 2-0: Ball 3-0: Called Strike 3-1: Foul Ball, location: 2F 3-2: Foul Ball, location: 2F 3-2: Base on Balls
|
Batting: RHB Yamashita Yagi
|
0-0: Called Strike 0-1: Swinging Strike Passed Ball! John Stevenson to third Chris Salim to second 0-2: Ball Wild Pitch! John Stevenson scores Chris Salim to third 1-2: Foul Ball, location: 2F 1-2: Ball Wild Pitch! Chris Salim scores 2-2: Ball 3-2: Base on Balls
|
Pinch Hitting: LHB Eddie Gonzalez
|
0-0: Grounds into double play, 5-4-3 (Groundball, 5L, EV 100.0 MPH)
|
Bottom of the 8th over - 7 runs, 5 hits, 0 errors, 0 left on base; San Francisco (APP) 14 - Grand Junction 27 |
TOP OF THE 9TH |
San Francisco (APP) Giants batting - Pitching for Grand Junction Rockies : RHP Vas Karamyshev
|
Pitching: LHP Ryan Morlan
|
|
Now in RF: Eddie Gonzalez
|
|
Batting: RHB Edwin Verdugo
|
0-0: Foul Ball, location: 2F 0-1: Ball 1-1: TRIPLE (Line Drive, 89XD, EV 110.0 MPH)
|
Pinch Hitting: RHB John Tyra
|
0-0: Ball 1-0: Swinging Strike 1-1: Called Strike 1-2: Strikes out swinging, 2-3 out at first.
|
Pinch Hitting: RHB Matt Shepard
|
0-0: Foul Ball, location: 2F 0-1: Ball 1-1: Called Strike 1-2: Ball 2-2: Fly out, F4 (Popup, 34, EV 56.2 MPH)
|
Batting: RHB Teruhide Horiuchi
|
0-0: Ball 1-0: Foul Ball, location: 2F 1-1: Foul Ball, location: 2F 1-2: Ball 2-2: Ground out 3-1 (Groundball, 34, EV 85.0 MPH)
|
Top of the 9th over - 0 runs, 1 hit, 0 errors, 1 left on base; San Francisco (APP) 14 - Grand Junction 27 |
|